 Dungeon Crawl Stone Soup version 0.29-a0-962-gc8bbfd0a37 (webtiles) character file.

Game seed: 5078049502243470476

5382 ragingrage the Cleaver (level 10, -18/54 HPs)
             Began as a Gargoyle Artificer on July 30, 2022.
             Was an Elder of Okawaru.
             Demolished by a two-headed ogre
             ... wielding a +0 giant spiked club
              (19 damage)
             ... on level 11 of the Dungeon.
             The game lasted 00:15:22 (12742 turns).

ragingrage the Cleaver (Gargoyle Artificer)        Turns: 12742, Time: 00:15:23

Health: -18/54     AC: 20    Str: 19    XL:     10   Next: 66%
Magic:  8/10       EV: 12    Int: 13    God:    Okawaru [****..]
Gold:   532        SH:  0    Dex: 10    Spells: 9/9 levels left

rFire   . . .      SeeInvis +   a - +0 hand axe (elec)
rCold   + . .      Faith    .   (no shield)
rNeg    + . .      Spirit   .   M - +1 ring mail {rC+}
rPois   ∞          Reflect  .   A - +2 hat
rElec   +          Harm     .   g - +0 cloak
rCorr   .          Rampage  .   v - +1 pair of gloves
Will    .....                   (no boots)
Stlth   ++........              (no amulet)
HPRegen 0.18/turn               u - ring of see invisible
MPRegen 0.12/turn               (no ring)

@: heroic
A: sickness immunity, AC +7, negative energy resistance 1, electricity
resistance, torment resistance 1, petrification resistance
a: Renounce Religion, Heroism, Finesse


You were on level 11 of the Dungeon.
You worshipped Okawaru.
Okawaru was greatly pleased with you.
You visited 2 branches of the dungeon, and saw 12 of its levels.
You also visited: Sewer.

You collected 532 gold pieces.

Inventory:

Hand Weapons
 a - a +0 hand axe of electrocution (weapon)
 b - a +1 whip of venom
 K - a +4 hand axe
Missiles
 q - 13 poisoned darts (quivered)
 x - a curare-tipped dart
 C - 16 javelins
Armour
 g - a +0 cloak (worn)
 v - a +1 pair of gloves (worn)
 A - a +2 hat (worn)
 L - a +0 ring mail of fire resistance
 M - a +1 ring mail of cold resistance (worn)
Jewellery
 u - a ring of see invisible (left hand)
 O - a ring of flight
Wands
 c - a wand of flame (7)
 d - a wand of charming (25)
 e - a wand of iceblast (14)
Scrolls
 f - 2 scrolls of summoning
 j - a scroll of enchant armour {unknown}
 l - 5 scrolls of fog
 m - a scroll of acquirement
 n - 3 scrolls of enchant weapon {unknown}
 o - a scroll of immolation {unknown}
 p - 7 scrolls of teleportation
 y - 3 scrolls of silence {unknown}
 z - 3 scrolls of poison {unknown}
 D - 4 scrolls of noise
 F - 2 scrolls of brand weapon {unknown}
 H - a scroll of blinking {unknown}
 I - 2 scrolls of amnesia {unknown}
Potions
 h - a potion of resistance {unknown}
 i - 5 potions of curing
 k - 2 potions of heal wounds
 s - a potion of might {unknown}
 t - 3 potions of brilliance {unknown}
 w - 3 potions of berserk rage
 B - a potion of mutation {unknown}
 E - a potion of lignification {unknown}
 G - 3 potions of flight
 J - a potion of attraction {unknown}
 N - a potion of haste


   Skills:
 - Level 2.3(7.3) Fighting
 + Level 12.9(17.9) Axes
 - Level 2.2(7.2) Armour
 - Level 0.7(5.7) Dodging
 - Level 1.1(6.1) Stealth
 - Level 6.0 Evocations


You had 9 spell levels left.
You didn't know any spells.
Your spell library contained the following spells:

 Spells                   Type           Power      Damage    Failure   Level
 Shock                    Conj/Air       0%         1d3       45%         1
 Ensorcelled Hibernation  Hex/Ice        0%         N/A       58%         2
 Passwall                 Tmut/Erth      0%         N/A       58%         2
 Poisonous Vapours        Pois/Air       0%         N/A       58%         2
 Spider Form              Tmut/Pois      0%         N/A       83%         3
 Swiftness                Air            0%         N/A       83%         3
 Airstrike                Air            0%         0-1+      99%         4
 Anguish                  Hex/Necr       0%         N/A       99%         4
 Cause Fear               Hex            0%         N/A       99%         4
 Leda's Liquefaction      Hex/Erth       0%         N/A       99%         4
 Olgreb's Toxic Radiance  Pois           0%         N/A       99%         4
 Dragon Form              Tmut           0%         N/A       100%        7
 Ozocubu's Refrigeration  Ice            0%         4d5       100%        7
 Ignition                 Fire           0%         3d3       100%        8
 Animate Armour           Summ/Erth      Unusable   N/A       N/A         4
 Dragon's Call            Summ           Unusable   N/A       N/A         9

Dungeon Overview and Level Annotations

Branches:
Dungeon (10/15)            Temple (1/1) D:4            Lair (0/5) D:8
  Sewer (visited)
    Orc: D:9-12

Altars:
Ashenzari
Cheibriados
Dithmenos
Fedhas
Gozag
Hepliaklqana
Kikubaaqudgha
Makhleb
Nemelex Xobeh
Okawaru
Qazlal
Ru
Sif Muna
Trog
Uskayaw
Vehumet
Wu Jian
Xom
Yredelemnul
Zin
The Shining One

Shops:
D:3 (

Annotations:
D:2 1 runed translucent door, Crazy Yiuf
D:6 Dowan, Duvessa
D:8 exclusion: downstairs, Erica
D:9 1 runed translucent door


Innate Abilities, Weirdness & Mutations

You are immune to sickness and miasma.
Your stone body is resilient. (AC +7)
You are immune to poison.
You resist negative energy. (rN+)
You are resistant to electric shocks. (rElec)
You are resistant to unholy torment.
You are immune to petrification.


Message History

You hit the two-headed ogre but do no damage.
The two-headed ogre looks as sick as possible!
The two-headed ogre is lightly wounded.
Aiming: Throw Flame
Press: ? - help, Shift-Dir - straight line, f - two-headed ogre
Aim: a two-headed ogre, wielding a +0 giant spiked club and a +0 giant club (lightly wounded, extremely poisoned, 88% to hit)
The puff of flame hits the two-headed ogre!
The two-headed ogre is moderately wounded.
The two-headed ogre hits you but does no damage.
The two-headed ogre completely misses you.
Hit: b) +1 whip (venom)
Press: ? - help, Dir - move target, f/p - two-headed ogre
Aim: a two-headed ogre, wielding a +0 giant spiked club and a +0 giant club (moderately wounded, extremely poisoned, about 20% to evade your +1 whip of venom)
Okay, then.
Aiming: Throw Flame
Press: ? - help, Shift-Dir - straight line, f/p - two-headed ogre
Aim: a two-headed ogre, wielding a +0 giant spiked club and a +0 giant club (moderately wounded, extremely poisoned, 88% to hit)
The puff of flame hits the two-headed ogre!
The two-headed ogre is heavily wounded.
The two-headed ogre hits you with a +0 giant spiked club!
The two-headed ogre hits you with a +0 giant club!
This is a scroll of acquirement!
Something appears at your feet!
You whack the two-headed ogre!
The two-headed ogre is severely wounded.
The two-headed ogre hits you with a +0 giant spiked club!
* * * LOW HITPOINT WARNING * * *
The two-headed ogre hits you with a +0 giant club.
* * * LOW HITPOINT WARNING * * *
Unknown command.
Your +1 whip of venom stops dripping with poison.
You hear the crackle of electricity.
a - a +0 hand axe of electrocution (weapon)
You hit the two-headed ogre but do no damage.
The two-headed ogre is almost dead.
You barely miss the two-headed ogre.
The two-headed ogre is almost dead.
The two-headed ogre misses you.
The two-headed ogre hits you with a +0 giant club!!
You die...

######### #.......#
#.......# #.......#
##########.......#
.................#
.....##'###......#
... #....#......###
. #@...#........#
#...O....#..#####.#
#........#..#...#.#
#........#..#...'.#
#........#..#...#.#
#........#..#...#.#
##########..##'##.#
.................#
.................#


You could see a two-headed ogre (very poisoned).

Vanquished Creatures
  Pikel (D:6)
  A komodo dragon (D:8)
  Grinder (D:5)
  Prince Ribbit (D:8)
  A shadow (D:9)
  A vampire (D:8)
  3 steam dragons
  A sky beast (D:6)
  An ice beast (D:5)
  3 orc warriors
  A black bear (D:5)
  An ogre (D:7)
  A centaur (D:4)
  A lemure (D:6)
  A phantom (D:4)
  2 kobold brigands
  Blork the orc (D:5)
  2 bullfrogs
  5 scorpions
  A necrophage (D:4)
  9 wights
  8 killer bees
  8 howler monkeys
  A gnoll bouda (D:4)
  3 hounds
  5 orc priests
  Jessica (D:2)
  2 iguanas
  Ijyb (D:5)
  10 orc wizards
  14 adders
  6 gnolls
  2 river rats (Sewer)
  A shadow imp (D:7)
  A white imp (D:8)
  An adder zombie (D:2)
  3 worms
  An adder skeleton (D:2)
  4 dart slugs
  38 orcs
  19 ball pythons
  A bat zombie (D:2)
  5 endoplasms
  2 giant cockroaches
  5 goblins
  10 hobgoblins
  2 jackals
  15 kobolds
  6 quokkas
  A ball python skeleton (D:2)
  7 bats
  4 frilled lizards
  7 rats
233 creatures vanquished.

Vanquished Creatures (collateral kills)
  3 orcs
  A kobold (D:4)
4 creatures vanquished.

Vanquished Creatures (others)
  An orc wizard (D:4)
  A hobgoblin (D:3)
  2 plants (D:8)
4 creatures vanquished.

Grand Total: 241 creatures vanquished

Notes
Turn   | Place    | Note
-------+----------+-------------------------------------------
     0 | D:1      | ragingrage the Gargoyle Artificer began the quest for the
                  | Orb.
     0 | D:1      | Reached XP level 1. HP: 12/12 MP: 1/1
   650 | D:1      | Reached XP level 2. HP: 16/16 MP: 2/2
  1392 | D:1      | Reached XP level 3. HP: 21/21 MP: 3/3
  2157 | D:2      | Noticed Jessica
  2166 | D:2      | Killed Jessica
  2167 | D:2      | Reached skill level 1 in Axes
  2167 | D:2      | Reached XP level 4. HP: 25/27 MP: 4/4
  2441 | D:2      | Found a runed translucent door.
  2442 | D:2      | Noticed Crazy Yiuf
  3422 | D:3      | Found Hyga Puji's Weapon Shoppe.
  3904 | D:4      | Noticed a scorpion
  3927 | D:4      | Found a bloodstained altar of Trog.
  3937 | D:4      | Reached XP level 5. HP: 31/31 MP: 5/5
  3939 | D:4      | Reached skill level 2 in Axes
  4231 | D:4      | Reached XP level 6. HP: 36/36 MP: 6/6
  4242 | D:4      | Reached skill level 3 in Axes
  4519 | D:4      | Reached skill level 5 in Evocations
  4631 | D:4      | Got Aheklo Payps's Volume of the Metallic Spider
  4681 | D:4      | Found a staircase to the Ecumenical Temple.
  4709 | D:4      | Reached skill level 4 in Axes
  4709 | D:4      | Reached XP level 7. HP: 23/40 MP: 7/7
  4725 | Temple   | Entered the Ecumenical Temple
  4977 | Temple   | Became a worshipper of Warmaster Okawaru
  5406 | D:5      | Entered Level 5 of the Dungeon
  5406 | D:5      | Noticed Blork the orc
  5431 | D:5      | Killed Blork the orc
  5591 | D:5      | Noticed Grinder
  5696 | D:4      | Reached skill level 5 in Axes
  6022 | D:5      | Noticed Ijyb
  6040 | D:5      | Killed Ijyb
  6041 | D:5      | Reached XP level 8. HP: 43/45 MP: 8/8
  6328 | D:5      | Killed Grinder
  6328 | D:5      | Reached * piety under Okawaru
  6329 | D:5      | Reached skill level 6 in Axes
  6661 | D:5      | Reached skill level 7 in Axes
  7064 | D:6      | Noticed Pikel
  7226 | D:6      | Reached ** piety under Okawaru
  7227 | D:6      | Reached skill level 8 in Axes
  7256 | D:6      | Reached XP level 9. HP: 24/49 MP: 9/9
  7299 | D:6      | Killed Pikel
  7300 | D:6      | Reached skill level 9 in Axes
  7370 | D:6      | Found a glowing drain.
  7470 | Sewer    | Entered a sewer
  8176 | D:6      | Noticed Duvessa
  8176 | D:6      | Noticed Dowan
  8840 | D:7      | Reached skill level 10 in Axes
  9349 | D:7      | Reached *** piety under Okawaru
  9919 | D:8      | Reached skill level 11 in Axes
  9983 | D:8      | Found a staircase to the Lair.
  9984 | D:8      | Noticed a komodo dragon
 10015 | D:8      | Killed a komodo dragon
 10016 | D:8      | Reached XP level 10. HP: 13/54 MP: 8/10
 10526 | D:8      | Noticed Erica
 10645 | D:8      | Noticed Prince Ribbit
 10664 | D:8      | Killed Prince Ribbit
 10742 | D:8      | Found a broken altar of Ashenzari.
 10895 | D:8      | Reached skill level 12 in Axes
 10903 | D:8      | Reached **** piety under Okawaru
 11085 | D:9      | Noticed a two-headed ogre
 11404 | D:9      | Noticed a two-headed ogre
 11764 | D:9      | Noticed a seven-headed hydra
 12171 | D:9      | Found a runed translucent door.
 12212 | D:9      | Found a shadowy altar of Dithmenos.
 12369 | D:10     | Entered Level 10 of the Dungeon
 12407 | D:10     | Identified the +1 scale mail "Ucwicrig" {*Corrode Str+8}
 12694 | D:10     | You fall into a shaft and drop 1 floor!
 12732 | D:11     | Noticed a two-headed ogre
 12738 | D:11     | Identified 2 scrolls of acquirement
 12738 | D:11     | Acquired 931 gold pieces
 12739 | D:11     | HP: 1/54 [two-headed ogre/+0 giant spiked club (6)]
 12742 | D:11     | Demolished by a two-headed ogre

Illustrated notes

Levels and vault maps discovered:
D:1:      dpeg_arrival_ratfight, layout_basic
D:2:      layout_loops_corners, serial_undead, serial_undead_f, serial_undead_b,
          serial_undead_a, serial_undead_e, uniq_jessica,
          uniq_crazy_yiuf_cottage
D:3:      layout_loops_cross, serial_shops, shop
D:4:      layout_rooms, mainiacjoe_overflow_cross_hatched,
          minmay_temple_entry_arrows, minmay_unequal
D:5:      layout_loops_ring, kennysheep_generic_room_11, uniq_ijyb,
          uniq_grinder, uniq_blork_the_orc
D:6:      layout_rooms, cheibrodos_sewer_entry_drain, kennysheep_doodads,
          minmay_misc_feat_iff, uniq_duvessa, uniq_pikel
D:7:      layout_basic
D:8:      layout_cave_pods, lemuel_doored_altar, david_lair_shrubbed,
          uniq_erica, uniq_prince_ribbit1
D:9:      layout_roguey, kennysheep_little_box, minmay_st_funbox,
          due_unseen_surprise
D:10:     layout_cave_pods, elyvilon_altar_1
D:11:     layout_irregular_city, orc_0_dummy
Temple:   nicolae_temple_bog_church

Skill      XL: |  1  2  3  4  5  6  7  8  9 10 |
---------------+-------------------------------+-----
Evocations     | 3 4 5 6 |  6.0
Fighting       | 2 |  2.3
Axes           | 1 2 4 5 8 11 12 | 12.9
Armour         | |  2.2
Dodging        | |  0.7
Stealth        | |  1.1

Action                   |  1- 3 |  4- 6 |  7- 9 | 10-12 || total
-------------------------+-------+-------+-------+-------++-------
Melee: Club              |    42 |       |       |       ||    42
       Hand axe          |    67 |    36 |    32 |   129 ||   264
       Punch             |     1 |     2 |     5 |     3 ||    11
       Short sword       |       |   148 |    85 |    13 ||   246
       Spear             |       |       |   420 |   135 ||   555
       Whip              |       |       |       |     3 ||     3
Throw: Dart              |     3 |     6 |     4 |     2 ||    15
       Throwing net      |       |       |     1 |       ||     1
Invok: Heroism           |       |       |     4 |     3 ||     7
Evoke: Wand              |     1 |     5 |     7 |     2 ||    15
  Use: Scroll            |     1 |       |     1 |     3 ||     5
       Potion            |       |       |     3 |       ||     3
 Stab: Held in net/web   |       |       |     3 |       ||     3
Armor: Leather armour    |    49 |       |       |       ||    49
       Chain mail        |     4 |   145 |   284 |       ||   433
       Ring mail         |       |       |    32 |   125 ||   157
Dodge: Dodged            |    81 |    69 |   167 |   140 ||   457

Table legend: (Time is in decaauts)
 A = Elapsed time spent in this place.
 B = Non-inter-level travel time spent in this place.
 C = Inter-level travel time spent in this place.
 D = Time resting spent in this place.
 E = Time spent auto-exploring this place.
 F = Levels seen in this place.
 G = Mean time per level.
                   A        B        C        D        E       F      G
               +--------+--------+--------+--------+--------+-----+--------+
         Total |  12811 |  12340 |    471 |   3788 |   6106 |  13 |  985.5 |
       Dungeon |  11697 |  11257 |    440 |   3514 |   5501 |  11 | 1063.4 |
        Temple |    283 |    252 |     31 |    202 |     36 |   1 |  283.0 |
         Sewer |    830 |    830 |      0 |     72 |    568 |   1 |  830.0 |
               +--------+--------+--------+--------+--------+-----+--------+

Top non-repeatable levels by time:
     D:1: 1700 daAuts
     D:7: 1487 daAuts
     D:5: 1475 daAuts
     D:2: 1346 daAuts
     D:8: 1291 daAuts
     D:4: 1266 daAuts
     D:3: 1221 daAuts
     D:9: 1014 daAuts
   Sewer: 830 daAuts
     D:6: 536 daAuts
    D:10: 313 daAuts
  Temple: 283 daAuts
    D:11: 45 daAuts
